General information
			
			
        
        - name: BNet
 
        - type: Ladder team game (AT/RT)
 
        - host: Battle.net
 
        - saver: Chopstix
 
        
map: GnollWood 
        - players: 6
 
        - length: 130:22
 
        - speed: Fast
 - version: 1.21 W3XP
 - replay type:  Public
 
» download(726 KB)
Players
        team 1 (winner) 
              
              
Chopstix (
purple | 68 APM | 8895 actions | 130:22)
              
 10 Goblin Alchemist 
 3 Acid Bomb
 3 Chemical Rage
 1 Transmute
 3 Healing Spray
 4 Dark Ranger 
 2 Silence
 2 Life Drain
 
                » actions 
                
                | Assign group hotkey | 33 |  | 
| Basic commands | 100 |  | 
| Build / train | 277 |  | 
| ESC pressed | 6 |  | 
| Enter build submenu | 145 |  | 
| Enter hero's abilities submenu | 14 |  | 
| Give item / drop item | 11 |  | 
| Remove unit from queue | 3 |  | 
| Right click | 4910 |  | 
| Select / deselect | 940 |  | 
| Select group hotkey | 1514 |  | 
| Use ability | 942 |  | 
                8895 total
 » units 
                
                | Peasant | 28 |  | 
| Sorceress | 3 |  | 
| Mortar Team | 13 |  | 
| Priest | 2 |  | 
| Spell Breaker | 4 |  | 
| Knight | 2 |  | 
| Dragonhawk Rider | 4 |  | 
                56 total
 » upgrades
                
                | Masonry | 3 |  | 
| Lumber Harvesting | 1 |  | 
| Magic Sentry | 1 |  | 
| Sorceress Training | 1 |  | 
| Gunpowder | 3 |  | 
| Flare | 1 |  | 
| Fragmentation Shards | 1 |  | 
| Plating | 2 |  | 
| Swords | 2 |  | 
| Animal War Training | 1 |  | 
                16 total
 » buildings
                
                | Altar of Kings | 4 |  | 
| Farm | 28 |  | 
| Lumber Mill | 3 |  | 
| Scout Tower | 77 |  | 
| Arcane Tower | 3 |  | 
| Guard Tower | 48 |  | 
| Keep | 5 |  | 
| Blacksmith | 3 |  | 
| Arcane Vault | 4 |  | 
| Arcane Sanctum | 4 |  | 
| Workshop | 2 |  | 
| Castle | 2 |  | 
| Town Hall | 3 |  | 
| Cannon Tower | 3 |  | 
| Barracks | 2 |  | 
| Gryphon Aviary | 2 |  | 
                193 total
 » build order
                00:08 Altar of Kings
00:10 Farm
00:16 Lumber Mill
00:49 Scout Tower
01:06 Farm
01:26 Arcane Tower
01:56 Scout Tower
02:11 Scout Tower
02:13 Scout Tower
02:28 Guard Tower
02:32 Scout Tower
02:40 Guard Tower
02:42 Scout Tower
02:54 Scout Tower
03:10 Guard Tower
03:32 Keep
03:34 Scout Tower
03:58 Guard Tower
04:13 Guard Tower
04:26 Scout Tower
04:31 Farm
04:57 Guard Tower
05:02 Blacksmith
05:04 Blacksmith
06:18 Arcane Vault
06:22 Farm
07:12 Arcane Sanctum
07:21 Arcane Sanctum
08:25 Workshop
08:37 Scout Tower
08:50 Guard Tower
09:03 Guard Tower
09:07 Guard Tower
09:18 Guard Tower
09:21 Workshop
10:53 Farm
11:45 Farm
12:17 Farm
12:18 Farm
12:31 Farm
14:59 Farm
15:14 Castle
18:45 Town Hall
19:18 Guard Tower
19:20 Scout Tower
19:21 Cannon Tower
19:22 Guard Tower
19:24 Scout Tower
19:25 Scout Tower
19:47 Guard Tower
19:52 Scout Tower
19:57 Guard Tower
19:59 Scout Tower
20:00 Guard Tower
20:31 Guard Tower
20:32 Scout Tower
21:07 Guard Tower
21:08 Guard Tower
21:11 Scout Tower
21:41 Guard Tower
21:43 Scout Tower
22:09 Farm
22:13 Guard Tower
22:37 Scout Tower
25:05 Cannon Tower
25:12 Scout Tower
25:14 Scout Tower
25:15 Scout Tower
25:17 Scout Tower
25:52 Cannon Tower
26:01 Lumber Mill
26:14 Arcane Vault
26:59 Arcane Tower
27:24 Arcane Vault
27:41 Farm
28:09 Guard Tower
28:11 Scout Tower
28:14 Scout Tower
29:02 Farm
29:07 Scout Tower
29:08 Scout Tower
29:15 Keep
29:39 Guard Tower
29:41 Scout Tower
29:51 Scout Tower
29:52 Guard Tower
29:54 Scout Tower
30:20 Guard Tower
30:22 Scout Tower
30:30 Guard Tower
30:32 Scout Tower
30:37 Scout Tower
30:39 Scout Tower
30:47 Keep
31:12 Lumber Mill
32:06 Arcane Tower
33:40 Guard Tower
34:38 Farm
35:49 Guard Tower
36:08 Guard Tower
38:39 Guard Tower
40:34 Scout Tower
40:35 Scout Tower
40:36 Scout Tower
40:36 Scout Tower
40:42 Scout Tower
41:17 Altar of Kings
41:30 Scout Tower
41:31 Scout Tower
41:31 Scout Tower
42:24 Guard Tower
44:03 Farm
45:11 Arcane Sanctum
45:16 Arcane Sanctum
45:55 Farm
45:56 Scout Tower
47:06 Scout Tower
47:07 Scout Tower
47:11 Scout Tower
47:13 Scout Tower
47:14 Scout Tower
47:17 Guard Tower
47:53 Guard Tower
48:31 Scout Tower
48:33 Scout Tower
49:13 Castle
49:24 Blacksmith
49:26 Barracks
49:38 Farm
50:03 Guard Tower
51:13 Barracks
52:21 Farm
53:27 Scout Tower
53:32 Farm
53:32 Scout Tower
53:33 Scout Tower
53:34 Farm
53:55 Scout Tower
54:10 Farm
54:11 Guard Tower
54:12 Scout Tower
54:14 Farm
54:16 Scout Tower
54:28 Guard Tower
55:06 Guard Tower
59:19 Scout Tower
59:19 Scout Tower
59:20 Scout Tower
60:09 Guard Tower
60:20 Gryphon Aviary
60:24 Gryphon Aviary
60:28 Scout Tower
60:28 Scout Tower
60:51 Scout Tower
61:11 Guard Tower
61:17 Scout Tower
62:09 Guard Tower
65:31 Farm
65:32 Farm
66:28 Farm
66:56 Farm
71:07 Town Hall
75:38 Town Hall
82:10 Scout Tower
82:12 Scout Tower
82:13 Scout Tower
82:14 Scout Tower
82:14 Scout Tower
83:54 Guard Tower
95:20 Keep
95:22 Arcane Vault
96:29 Scout Tower
96:30 Scout Tower
96:36 Scout Tower
96:59 Guard Tower
97:01 Scout Tower
97:02 Scout Tower
97:25 Guard Tower
97:26 Scout Tower
97:27 Scout Tower
97:33 Guard Tower
97:34 Scout Tower
97:37 Scout Tower
97:38 Guard Tower
97:56 Guard Tower
98:14 Guard Tower
109:16 Altar of Kings
109:20 Farm
109:22 Altar of Kings
109:57 Farm
» items
                
                | Boots of Speed | 2 |  | 
| Staff of Teleportation | 2 |  | 
| Scroll of Regeneration | 4 |  | 
| Lesser Clarity Potion | 71 |  | 
| Ivory Tower | 11 |  | 
| Potion of Healing | 9 |  | 
| Scroll of Town Portal | 7 |  | 
| Orb of Lightning | 1 |  | 
| Healing Salve | 1 |  | 
| Potion of Mana | 9 |  | 
| Potion of Lesser Invulnerability | 3 |  | 
| Mechanical Critter | 2 |  | 
                122 total
  
               
              
              
fineX. (
teal | 58 APM | 7543 actions | 130:17)
              
 6 Blademaster 
 3 Wind Walk
 2 Critical Strike
 1 Bladestorm
 7 Shadow Hunter 
 3 Healing Wave
 3 Hex
 1 Serpent Ward
 2 Dark Ranger 
 1 Silence
 1 Charm
 
                » actions 
                
                | Assign group hotkey | 194 |  | 
| Basic commands | 3 |  | 
| Build / train | 124 |  | 
| Enter build submenu | 28 |  | 
| Enter hero's abilities submenu | 22 |  | 
| Give item / drop item | 10 |  | 
| Remove unit from queue | 2 |  | 
| Right click | 5348 |  | 
| Select / deselect | 589 |  | 
| Select group hotkey | 800 |  | 
| Use ability | 422 |  | 
                7543 total
 » units 
                » upgrades
                » buildings
                
                | Altar of Storms | 1 |  | 
| Orc Burrow | 4 |  | 
| War Mill | 1 |  | 
| Voodoo Lounge | 1 |  | 
| Watch Tower | 21 |  | 
| Stronghold | 1 |  | 
| Beastiary | 2 |  | 
| Fortress | 1 |  | 
                32 total
 » build order
                00:06 Altar of Storms
00:08 Orc Burrow
00:38 War Mill
01:34 Voodoo Lounge
02:00 Watch Tower
02:21 Watch Tower
02:58 Watch Tower
03:25 Watch Tower
03:29 Watch Tower
03:49 Watch Tower
04:08 Stronghold
04:28 Watch Tower
05:37 Watch Tower
05:40 Watch Tower
05:42 Watch Tower
05:45 Watch Tower
06:24 Orc Burrow
06:26 Orc Burrow
07:16 Watch Tower
07:19 Watch Tower
07:22 Watch Tower
07:24 Watch Tower
08:09 Beastiary
09:25 Fortress
09:28 Beastiary
09:35 Orc Burrow
19:23 Watch Tower
19:23 Watch Tower
19:24 Watch Tower
19:30 Watch Tower
19:31 Watch Tower
19:31 Watch Tower
» items
                
                | Healing Salve | 1 |  | 
| Lesser Clarity Potion | 26 |  | 
| Scroll of Speed | 1 |  | 
| Scroll of Town Portal | 3 |  | 
| Potion of Healing | 13 |  | 
| Potion of Mana | 9 |  | 
| Staff of Teleportation | 2 |  | 
| Boots of Speed | 2 |  | 
| Orb of Lightning | 3 |  | 
| Potion of Lesser Invulnerability | 2 |  | 
| Scroll of Regeneration | 3 |  | 
| Periapt of Vitality | 1 |  | 
                66 total
  
               
              
              
Sgt.Malarkey (
orange | 76 APM | 9905 actions | 130:17)
              
 7 Archmage 
 3 Blizzard
 3 Brilliance Aura
 1 Mass Teleport
 
                » actions 
                
                | Assign group hotkey | 2604 |  | 
| Basic commands | 33 |  | 
| Build / train | 82 |  | 
| ESC pressed | 5 |  | 
| Enter build submenu | 62 |  | 
| Enter hero's abilities submenu | 9 |  | 
| Give item / drop item | 2 |  | 
| Remove unit from queue | 3 |  | 
| Right click | 4769 |  | 
| Select / deselect | 700 |  | 
| Select group hotkey | 1356 |  | 
| Use ability | 279 |  | 
                9905 total
 » units 
                
                | Peasant | 23 |  | 
| Dragonhawk Rider | 7 |  | 
| Gryphon Rider | 5 |  | 
                35 total
 » upgrades
                
                | Lumber Harvesting | 1 |  | 
| Swords | 2 |  | 
| Armor | 2 |  | 
| Cloud | 1 |  | 
| Storm Hammers | 1 |  | 
                7 total
 » buildings
                
                | Altar of Kings | 3 |  | 
| Farm | 16 |  | 
| Lumber Mill | 5 |  | 
| Scout Tower | 24 |  | 
| Guard Tower | 13 |  | 
| Arcane Vault | 1 |  | 
| Arcane Tower | 1 |  | 
| Keep | 2 |  | 
| Blacksmith | 1 |  | 
| Gryphon Aviary | 2 |  | 
| Castle | 1 |  | 
| Town Hall | 6 |  | 
                75 total
 » build order
                00:13 Altar of Kings
00:17 Farm
01:01 Lumber Mill
02:11 Scout Tower
02:13 Scout Tower
02:34 Guard Tower
02:41 Scout Tower
02:44 Farm
03:13 Guard Tower
03:35 Arcane Vault
03:51 Scout Tower
04:14 Scout Tower
04:22 Scout Tower
04:23 Scout Tower
04:24 Guard Tower
04:46 Arcane Tower
04:53 Guard Tower
05:19 Guard Tower
05:32 Keep
07:22 Scout Tower
07:52 Blacksmith
07:58 Gryphon Aviary
08:03 Gryphon Aviary
08:31 Guard Tower
08:33 Scout Tower
08:34 Scout Tower
08:34 Scout Tower
09:10 Guard Tower
09:20 Scout Tower
09:21 Scout Tower
09:22 Scout Tower
09:22 Scout Tower
09:33 Castle
10:13 Guard Tower
10:25 Farm
10:26 Farm
10:27 Farm
10:30 Farm
11:11 Guard Tower
11:30 Farm
12:08 Scout Tower
12:46 Guard Tower
14:01 Farm
15:04 Scout Tower
17:28 Farm
17:30 Farm
17:31 Farm
19:32 Farm
22:36 Town Hall
27:24 Altar of Kings
28:16 Farm
29:07 Keep
29:11 Farm
30:22 Town Hall
30:35 Town Hall
31:38 Town Hall
33:33 Town Hall
34:58 Scout Tower
34:59 Scout Tower
34:59 Scout Tower
35:01 Scout Tower
35:03 Scout Tower
35:04 Scout Tower
35:27 Scout Tower
35:33 Lumber Mill
36:02 Guard Tower
36:02 Guard Tower
37:22 Lumber Mill
37:30 Lumber Mill
37:41 Lumber Mill
51:48 Town Hall
94:23 Altar of Kings
94:25 Farm
94:30 Farm
» items
                
                | Scroll of Regeneration | 3 |  | 
| Scroll of Town Portal | 3 |  | 
| Boots of Speed | 1 |  | 
| Staff of Teleportation | 1 |  | 
| Ivory Tower | 1 |  | 
| Potion of Lesser Invulnerability | 2 |  | 
| Periapt of Vitality | 1 |  | 
                12 total
  
               team 2 (loser) 
              
              
» 
Commando (
red | 38 APM | 4729 actions | 125:33)
              
 10 Far Seer 
 3 Feral Spirit
 3 Chain Lighting
 1 Earth Quake
 3 Far Sight
 
                » actions 
                
                | Assign group hotkey | 24 |  | 
| Build / train | 78 |  | 
| Enter build submenu | 30 |  | 
| Enter hero's abilities submenu | 11 |  | 
| Give item / drop item | 1 |  | 
| Remove unit from queue | 3 |  | 
| Right click | 3761 |  | 
| Select / deselect | 515 |  | 
| Select group hotkey | 86 |  | 
| Use ability | 220 |  | 
                4729 total
 » units 
                
                | Peon | 27 |  | 
| Grunt | 10 |  | 
| Tauren | 12 |  | 
| Shaman | 3 |  | 
                52 total
 » upgrades
                
                | Berserker Strength | 1 |  | 
| Shaman Training | 2 |  | 
| Pillage | 1 |  | 
| Pulverize | 1 |  | 
| Melee Weapons | 1 |  | 
| Armor | 1 |  | 
                7 total
 » buildings
                
                | Altar of Storms | 1 |  | 
| Orc Burrow | 7 |  | 
| Barracks | 1 |  | 
| Stronghold | 1 |  | 
| Fortress | 1 |  | 
| Great Hall | 1 |  | 
| Spirit Lodge | 1 |  | 
| War Mill | 1 |  | 
| Tauren Totem | 2 |  | 
| Watch Tower | 10 |  | 
| Voodoo Lounge | 1 |  | 
                27 total
 » build order
                00:03 Altar of Storms
00:22 Orc Burrow
00:38 Barracks
01:26 Orc Burrow
03:43 Stronghold
04:00 Orc Burrow
07:34 Fortress
09:07 Great Hall
09:31 Spirit Lodge
10:34 War Mill
11:51 Tauren Totem
11:53 Orc Burrow
13:47 Orc Burrow
15:00 Orc Burrow
15:53 Orc Burrow
17:24 Tauren Totem
18:15 Watch Tower
18:17 Watch Tower
18:19 Watch Tower
18:21 Watch Tower
19:10 Voodoo Lounge
19:15 Watch Tower
19:19 Watch Tower
19:26 Watch Tower
20:36 Watch Tower
20:38 Watch Tower
38:20 Watch Tower
» items
                
                | Orb of Lightning | 1 |  | 
| Dust of Appearance | 1 |  | 
| Potion of Lesser Invulnerability | 1 |  | 
                3 total
  
               
              
              
» 
De]s[ertRo]s[e (
pink | 48 APM | 6205 actions | 130:16)
              
 9 Warden 
 3 Shadow Strike
 3 Blink
 1 Spirit of Vengeance
 2 Fan of Knives
 
                » actions 
                
                | Assign group hotkey | 61 |  | 
| Basic commands | 4 |  | 
| Build / train | 123 |  | 
| Enter build submenu | 48 |  | 
| Enter hero's abilities submenu | 10 |  | 
| Give item / drop item | 4 |  | 
| Remove unit from queue | 3 |  | 
| Right click | 4350 |  | 
| Select / deselect | 1079 |  | 
| Select group hotkey | 101 |  | 
| Use ability | 422 |  | 
                6205 total
 » units 
                
                | Wisp | 33 |  | 
| Huntress | 2 |  | 
| Glaive Thrower | 5 |  | 
| Druid of the Claw | 2 |  | 
| Hippogryph | 12 |  | 
| Chimaera | 33 |  | 
| Dryad | 3 |  | 
                90 total
 » upgrades
                
                | Reinforced Hides | 3 |  | 
| Druid of the Claw Training | 2 |  | 
| Corrosive Breath | 1 |  | 
| Strength of the Wild | 3 |  | 
                9 total
 » buildings
                
                | Moon Well | 9 |  | 
| Altar of Elders | 2 |  | 
| Hunter's Hall | 1 |  | 
| Ancient of War | 1 |  | 
| Ancient Protector | 16 |  | 
| Tree of Ages | 2 |  | 
| Ancient of Lore | 2 |  | 
| Tree of Eternity | 2 |  | 
| Ancient of Wind | 3 |  | 
| Chimaera Roost | 4 |  | 
| Tree of Life | 2 |  | 
                44 total
 » build order
                00:17 Moon Well
00:21 Altar of Elders
01:09 Hunter's Hall
01:36 Ancient of War
01:58 Moon Well
02:20 Ancient Protector
04:00 Tree of Ages
04:23 Moon Well
05:16 Moon Well
07:13 Ancient of Lore
07:14 Ancient of Lore
09:21 Ancient Protector
09:24 Ancient Protector
09:31 Ancient Protector
09:32 Ancient Protector
10:25 Tree of Eternity
11:45 Ancient of Wind
12:26 Moon Well
12:26 Moon Well
12:27 Moon Well
14:07 Chimaera Roost
14:27 Chimaera Roost
14:39 Moon Well
14:59 Moon Well
18:56 Tree of Life
23:31 Ancient Protector
23:32 Ancient Protector
23:33 Ancient Protector
23:34 Ancient Protector
23:37 Ancient Protector
23:41 Ancient Protector
27:09 Ancient Protector
27:09 Ancient Protector
27:12 Ancient Protector
27:32 Ancient Protector
30:17 Tree of Ages
43:08 Tree of Life
50:35 Tree of Eternity
54:45 Ancient of Wind
56:47 Ancient of Wind
60:07 Chimaera Roost
60:43 Chimaera Roost
74:19 Ancient Protector
87:48 Altar of Elders
» items
                
                | Scroll of Town Portal | 1 |  | 
| Scroll of Protection | 1 |  | 
| Potion of Lesser Invulnerability | 2 |  | 
| Staff of Teleportation | 1 |  | 
| Dust of Appearance | 1 |  | 
| Orb of Lightning | 1 |  | 
                7 total
  
               
              
              
» 
FLOPPY_FORESKIN (
yellow | 65 APM | 8464 actions | 130:12)
              
 6 Archmage 
 3 Summon Water Elemental
 2 Brilliance Aura
 1 Mass Teleport
 
                » actions 
                
                | Assign group hotkey | 70 |  | 
| Basic commands | 152 |  | 
| Build / train | 140 |  | 
| Enter build submenu | 49 |  | 
| Enter hero's abilities submenu | 7 |  | 
| Remove unit from queue | 3 |  | 
| Right click | 4092 |  | 
| Select / deselect | 1582 |  | 
| Select group hotkey | 2195 |  | 
| Use ability | 172 |  | 
                8464 total
 » units 
                
                | Peasant | 36 |  | 
| Rifleman | 18 |  | 
| Mortar Team | 43 |  | 
| Flying Machine | 14 |  | 
                111 total
 » upgrades
                
                | Gunpowder | 2 |  | 
| Armor | 1 |  | 
| Flare | 1 |  | 
| Long Rifles | 1 |  | 
                5 total
 » buildings
                
                | Farm | 21 |  | 
| Altar of Kings | 1 |  | 
| Blacksmith | 1 |  | 
| Barracks | 2 |  | 
| Arcane Vault | 1 |  | 
| Town Hall | 2 |  | 
| Scout Tower | 15 |  | 
| Arcane Tower | 5 |  | 
| Keep | 1 |  | 
| Workshop | 2 |  | 
| Lumber Mill | 1 |  | 
| Guard Tower | 7 |  | 
                59 total
 » build order
                00:13 Farm
00:15 Altar of Kings
00:33 Blacksmith
01:41 Barracks
01:44 Farm
02:14 Farm
02:40 Farm
04:12 Arcane Vault
04:56 Barracks
05:02 Farm
05:37 Town Hall
06:25 Farm
06:39 Scout Tower
07:18 Arcane Tower
07:39 Keep
08:36 Farm
10:23 Workshop
10:32 Workshop
11:02 Farm
11:05 Farm
11:44 Farm
12:06 Farm
13:06 Farm
13:57 Farm
14:07 Lumber Mill
32:45 Scout Tower
32:47 Scout Tower
34:54 Town Hall
45:04 Scout Tower
45:07 Scout Tower
45:33 Arcane Tower
45:40 Arcane Tower
45:45 Scout Tower
45:49 Scout Tower
46:15 Guard Tower
46:15 Guard Tower
46:17 Guard Tower
46:20 Scout Tower
46:51 Guard Tower
46:55 Scout Tower
46:59 Scout Tower
47:47 Arcane Tower
47:49 Arcane Tower
47:51 Scout Tower
47:53 Scout Tower
52:59 Farm
53:01 Farm
54:00 Farm
54:02 Farm
54:04 Guard Tower
61:19 Scout Tower
61:23 Scout Tower
61:33 Farm
66:14 Guard Tower
68:20 Farm
70:24 Scout Tower
71:13 Guard Tower
84:25 Farm
84:28 Farm
» items
                 
                Chat log
          (00:28 / Allies) Chopstix: no its a bad map ok
(00:42 / Allies) Chopstix: malark get on vent if you have
(00:47 / Allies) Sgt.Malarkey: which vent
(00:55 / Allies) Chopstix: dunno main one?
(01:39 / Allies) fineX.: music channel
(03:51 / Allies) Chopstix: pretty easy to hit
(04:03 / Allies) Sgt.Malarkey: lol
(04:07 / Allies) Chopstix: always get arcane tower first
(04:37 / Allies) Chopstix: health
(04:41 / Allies) Chopstix: fountain
(05:51 / Allies) fineX.: k
(07:22 / Allies) Chopstix: ok
(07:28 / Allies) Chopstix: dont know why you stopped creeping with me all of the sudden
(07:35 / Allies) Chopstix: couldve just aggro the creep and windwalked
(07:39 / Allies) Sgt.Malarkey: help out at fountain
(08:05 / Allies) Chopstix: not sure what a single am wouldve done
(09:06 / Allies) fineX.: oh shi
(09:38 / Allies) fineX.: i cant do anything about it
(09:46 / Allies) Chopstix: bat them
(10:12 / Allies) fineX.: prots
(10:13 / Allies) fineX.: woot
(11:06 / Allies) fineX.: goldpls
(11:17 / Allies) fineX.: thx
(13:25 / Allies) Chopstix: why are you not batting yet
(13:46 / Allies) Chopstix: wow
(13:49 / Allies) Chopstix: DONT ATTACK WITH HWAKS
(14:06 / Allies) Sgt.Malarkey: its fine; they're terrible
(14:20 / Allies) fineX.: ahgsdhasd
(14:49 / Allies) Chopstix: woot mines
(14:59 / Allies) fineX.: yeah come in now and steal my shit >:(
(15:09 / Allies) Chopstix: more like, slay the evil golem rampaging yoru town!
(15:21 / Allies) fineX.: im just joshin
(15:24 / Allies) Chopstix: fag
(16:06 / Allies) Chopstix: invis morting
(16:09 / Allies) Chopstix: get a peasent out now just in case
(16:28 / Allies) Chopstix: ill come after i invis mort
(16:30 / Allies) fineX.: LOL
(16:32 / Allies) fineX.: whats he gonna do
(18:07 / Allies) fineX.: u gonna expo or what
(19:05 / Allies) Chopstix: out rifles
(19:40 / Allies) Chopstix: harass thier expos
(19:45 / Allies) fineX.: i did
(20:44 / Allies) Chopstix: need lumber
(21:23 / Allies) Chopstix: ps
(21:30 / Allies) Chopstix: always stop saying "they suck" becuase that si what they think
(22:44 / Allies) Chopstix: what are you doing
(22:45 / Allies) Chopstix: hit thier expos
(24:23 / Allies) Sgt.Malarkey: so did we actually ever bat them?
(24:31 / Allies) fineX.: 23 hp
(24:44 / Allies) fineX.: i did once
(24:59 / Allies) Sgt.Malarkey: when did you stop?
(25:08 / Allies) fineX.: when i lost my bats
(25:13 / Allies) fineX.: and you started getting attacked
(25:17 / Allies) fineX.: i just used mybats on his chims
(25:22 / Allies) Chopstix: just tower up teal base
(25:24 / Allies) Chopstix: keep harassing
(25:37 / Allies) Chopstix: you didnt harass enough
(25:41 / Allies) Chopstix: you didnt even take out his stronghold
(25:44 / Allies) Chopstix: and lost bats to golems
(26:21 / Allies) Chopstix: take eexpo?
(26:29 / Allies) Chopstix: im almost 6
(26:37 / Allies) Chopstix: need gold tell me
(26:41 / Allies) fineX.: i do
(26:51 / Allies) fineX.: thx
(26:51 / Allies) Chopstix: tmute
(26:53 / Allies) Chopstix: we have a chance
(27:15 / Allies) Chopstix: ioh you took out expos gj
(27:28 / Allies) Chopstix: lumber pleaese
(27:59 / Allies) Chopstix: blademaster
(28:01 / Allies) Chopstix: and jank
(28:29 / Allies) fineX.: cancel tower
(28:30 / Allies) fineX.: pls
(28:32 / Allies) fineX.: i cant get out
(28:54 / Allies) Chopstix: get something out
(29:44 / Allies) Chopstix: tmute we have a chacne
(30:00 / Allies) Sgt.Malarkey: yeah
(30:04 / Allies) Sgt.Malarkey: their mines will be out
(30:08 / Allies) Sgt.Malarkey: and they have not expos
(30:41 / Allies) Chopstix: man
(30:44 / Allies) Chopstix: get those heros out of my base
(30:45 / Allies) Chopstix: do something
(30:49 / Allies) Chopstix: hit exopis
(31:24 / Allies) Chopstix: cancel that
(31:26 / Allies) Chopstix: that mine has 220 gold
(31:47 / Allies) Chopstix: get boots of speed
(33:36 / Allies) Chopstix: you get a peon out teal?
(33:41 / Allies) fineX.: nope
(33:49 / Allies) Chopstix: buy a tp
(33:52 / Allies) Chopstix: i have gold poeple
(33:57 / Allies) fineX.: can i have som
(34:09 / Allies) fineX.: thx
(34:24 / Allies) fineX.: cancel
(34:35 / Allies) fineX.: nj
(34:52 / Allies) Chopstix: towers there
(34:53 / Allies) Chopstix: buy from shop
(35:25 / Allies) fineX.: level 5 4/5
(35:55 / Allies) Sgt.Malarkey: shit
(36:17 / Allies) Chopstix: get the
(37:24 / Allies) Chopstix: hit thier base too
(39:24 / Allies) Chopstix: keep mage near shaman for mana to heal pls
(40:04 / Allies) Chopstix: im going to make a push onto this mine soon
(40:05 / Allies) Chopstix: with peasents
(40:48 / Allies) fineX.: flared
(40:50 / Allies) Sgt.Malarkey: did he just flare it
(40:57 / Allies) Sgt.Malarkey: hehe
(41:16 / Allies) fineX.: tower up backdoor
(41:23 / Allies) Chopstix: you guys want me to buy second hero?
(41:28 / Allies) fineX.: idc
(41:58 / Allies) Chopstix: take this bitch
(42:09 / Allies) Chopstix: truesight ships
(42:16 / Allies) fineX.: getting ready to storm
(42:46 / All) fineX.: hay niggaz
(42:56 / Allies) Chopstix: what second hero should i get
(42:58 / Allies) Chopstix: you guys can use it
(43:00 / Allies) fineX.: idk
(43:06 / Allies) Chopstix: oj want another hero?
(43:10 / Allies) Sgt.Malarkey: naw
(43:22 / Allies) Chopstix: OUT
(43:36 / Allies) fineX.: i had an invuln pot too
(43:44 / Allies) Chopstix: cant use windwalking
(43:49 / Allies) Chopstix: i mean bladestorming
(43:57 / Allies) fineX.: why not
(44:01 / Allies) fineX.: chims cant attack bladestorm
(44:13 / Allies) fineX.: lool
(44:15 / Allies) Sgt.Malarkey: lol
(44:32 / Allies) fineX.: you have
(44:33 / Allies) fineX.: a lot
(44:34 / Allies) fineX.: of 
(44:35 / Allies) fineX.: hp
(44:44 / Allies) fineX.: come over here
(44:46 / Allies) fineX.: chain heal
(44:52 / Allies) Chopstix: getting paladin
(45:20 / Allies) Chopstix: keep harassing
(45:21 / Allies) Chopstix: ill get sorc
(45:24 / Allies) Chopstix: harass, then teleport out
(45:45 / Allies) Chopstix: canceld paladin
(45:46 / Allies) Chopstix: getting
(45:48 / Allies) Chopstix: charmer
(45:59 / Allies) Chopstix: 8
(46:07 / Allies) Chopstix: ranger or pit lord?
(46:12 / Allies) fineX.: ranger
(46:25 / Allies) Chopstix: harass thier expos or bases
(47:25 / Allies) Chopstix: dont let them
(48:59 / Allies) Sgt.Malarkey: you know, purp, if you got a couple knights this would be pretty much over
(49:08 / Allies) Chopstix: knights
(49:09 / Allies) Chopstix: or breakers
(49:12 / Allies) Sgt.Malarkey: knights take out riflemen
(49:19 / Allies) Chopstix: breakers for heros
(49:20 / Allies) Chopstix: ill get both
(50:54 / Allies) fineX.: well that was dumb of me
(50:54 / Allies) Sgt.Malarkey: dmn
(51:31 / Allies) fineX.: need gold
(51:40 / Allies) fineX.: thx
(51:51 / Allies) Chopstix: i told you
(51:52 / Allies) Chopstix: buy tp
(51:56 / Allies) Chopstix: and hsouldve taken out gyros first
(52:48 / Allies) Chopstix: use my ranger please
(53:24 / Allies) fineX.: gj gang
(55:01 / Allies) Sgt.Malarkey: nj
(55:02 / Allies) fineX.: x2
(55:11 / Allies) Chopstix: im waiting to go to high upkeep
(55:13 / Allies) Chopstix: i mean low
(55:28 / Allies) Chopstix: take it out
(55:48 / Allies) fineX.: once more
(55:49 / Allies) fineX.: gj gang
(56:16 / Allies) fineX.: need gold
(57:25 / Allies) Sgt.Malarkey: yellow has the worst micro in the history of time
(58:35 / Allies) Sgt.Malarkey: god damnit
(58:37 / Allies) Sgt.Malarkey: killed after tp
(60:09 / Allies) fineX.: need gold
(60:19 / Allies) Sgt.Malarkey: probs need to re-tower that
(60:36 / Allies) Sgt.Malarkey: also can i get some gold?
(60:44 / Allies) Sgt.Malarkey: thanks
(60:58 / Allies) Chopstix: going dhawk
(61:26 / Allies) fineX.: they're gonna be outta gold soon
(61:29 / Allies) Chopstix: no
(62:13 / Allies) Chopstix: mines low
(62:52 / Allies) fineX.: ah
(62:58 / Allies) fineX.: the ethnic cleansing begins
(63:27 / Allies) Sgt.Malarkey: they have much aa?
(64:13 / Allies) fineX.: awesome
(64:38 / Allies) Sgt.Malarkey: fs still here
(65:03 / Allies) fineX.: nice on the dhawks
(65:22 / Allies) Chopstix: blizzard that stuff if you can
(65:35 / Allies) Sgt.Malarkey: pink you mean? he's got lots of protectors
(65:41 / Allies) fineX.: we have only basic utilites
(66:28 / Allies) fineX.: hex is so nasty
(67:21 / Allies) Chopstix: kill any critters
(67:23 / Allies) Chopstix: they are not ours
(67:41 / Allies) fineX.: shakti-lar
(67:44 / Allies) fineX.: level 6 critter hunter
(68:09 / Allies) Chopstix: there is a priest here
(68:34 / Allies) Chopstix: aoe the morts
(68:37 / Allies) Chopstix: if no dragons
(68:43 / Allies) Chopstix: feel free to use
(68:45 / Allies) Chopstix: ranger
(68:48 / All) De]s[ertRo]s[e: k
(68:56 / All) fineX.: whoa
(68:58 / All) fineX.: you were the guy
(69:01 / All) fineX.: in that 26 hour game
(69:06 / Allies) Chopstix: not me
(69:10 / All) Commando: yup
(69:18 / All) Commando: and we won
(69:23 / All) Commando: so u might as well leave now
(69:33 / All) fineX.: u lost all your chim
(69:33 / Allies) Chopstix: haha i cant believe it
(69:47 / Allies) Sgt.Malarkey: inv pot for you, purp
(70:29 / Allies) fineX.: kill critter
(70:31 / Allies) fineX.: i am critter hunter
(70:42 / Allies) fineX.: i
(70:48 / Allies) fineX.: i shoulda got bbv
(70:51 / Allies) fineX.: insteada wards
(70:55 / Allies) Chopstix: meet there
(71:08 / Allies) Sgt.Malarkey: gold me quick 100
(71:10 / Allies) fineX.: il;l hex gryph
(71:20 / All) De]s[ertRo]s[e: you gusy always tower like fags??
(71:37 / All) fineX.: you always suck my cock like a fag
(71:47 / All) De]s[ertRo]s[e: lol, who won that last game??? whose the bitch and left??
(71:52 / All) De]s[ertRo]s[e: ty bitch
(71:57 / All) Commando: sit down
(72:25 / Allies) fineX.: if i got bbv
(72:29 / Allies) fineX.: i coulda bbved out of sight
(72:34 / Allies) fineX.: and u guys could wreck the towers
(72:36 / Allies) fineX.: but im an idiot
(72:49 / Allies) Chopstix: wheres the archamge?
(73:36 / Allies) Sgt.Malarkey: they have cloud upgrade?
(73:49 / Allies) Chopstix: they dont have hawks
(73:58 / Allies) Sgt.Malarkey: i mean do we have the cloud upgrade?
(74:00 / Allies) fineX.: he means youra
(74:03 / Allies) Chopstix: no
(74:05 / Allies) Chopstix: castle req
(74:09 / Allies) Sgt.Malarkey: nuts
(75:02 / Allies) fineX.: i miss your aura am
(75:04 / Allies) fineX.: come back to me
(75:24 / Allies) fineX.: build up dere?
(76:18 / Allies) fineX.: asdf
(76:20 / Allies) fineX.: no hall to tp to
(76:48 / Allies) Chopstix: use my ranger
(76:58 / Allies) fineX.: where
(77:02 / Allies) Chopstix: reviving
(77:08 / Allies) fineX.: no more hex to stop thjat fag's earth quakes :<
(77:17 / Allies) Chopstix: silence
(77:19 / All) De]s[ertRo]s[e: you gusy are such homos, why do you make every game like 3 hours
(77:23 / All) Chopstix: 3? thats it
(77:25 / All) De]s[ertRo]s[e: or 48
(77:35 / All) Sgt.Malarkey: you can leave if you want
(77:42 / All) De]s[ertRo]s[e: lol, do you know me bitch
(77:48 / All) fineX.: yes i do
(77:55 / Allies) Chopstix: ranger up
(77:56 / All) Sgt.Malarkey: just sayin, it only lasts as long as you make it last
(77:57 / All) fineX.: you're a university student
(77:59 / All) FLOPPY_FORESKIN: do u guys do this every game??
(78:02 / All) fineX.: who is an ENTREPENEUR
(78:11 / All) FLOPPY_FORESKIN: no hes not
(78:19 / All) FLOPPY_FORESKIN: hes environmetal science
(78:21 / Allies) Chopstix: \stop
(78:22 / Allies) Chopstix: he is leading
(78:26 / Allies) Sgt.Malarkey: i know
(78:27 / Allies) Chopstix: wants to lure
(78:36 / Allies) Chopstix: try to be near
(78:38 / Allies) Chopstix: when i transmute
(78:41 / Allies) Chopstix: get exp for ranger
(79:17 / Allies) Chopstix: just stick near alchemist when he tmutes
(79:20 / Allies) Chopstix: then you get charm
(79:22 / Allies) Chopstix: then we can win
(79:44 / Allies) Sgt.Malarkey: care
(80:55 / Allies) fineX.: need gold
(81:13 / Allies) Sgt.Malarkey: purp you want to be healer?
(81:22 / Allies) Chopstix: low on mana all the time
(81:25 / Allies) Sgt.Malarkey: k
(82:08 / Allies) fineX.: this pathing
(82:10 / Allies) fineX.: is annoying
(82:21 / Allies) Sgt.Malarkey: purp you wanna quickly mine out that mine?
(82:32 / Allies) Chopstix: only 200
(82:36 / Allies) Chopstix: i get more gold for tmuting a chim
(83:21 / Allies) Chopstix: we get her?
(83:27 / Allies) fineX.: i dont think so
(83:31 / Allies) Chopstix: i acid bombed hero
(83:35 / Allies) fineX.: maybe then
(84:05 / Allies) Chopstix: good job ont thier base orange
(84:09 / Allies) fineX.: yeah
(84:09 / Allies) Sgt.Malarkey: thanks
(84:27 / Allies) fineX.: someone gonna upload this grudge match?
(84:31 / Allies) Chopstix: come my fellow sidekick
(84:34 / Allies) Chopstix: i will
(84:45 / Allies) Chopstix: those gyros
(84:48 / Allies) Chopstix: easy exp if you can hit
(85:13 / Allies) fineX.: we got that
(85:17 / Allies) Chopstix: :)
(85:18 / Allies) Chopstix: level 6
(85:20 / Allies) Chopstix: level 5 i mean
(85:23 / Allies) fineX.: life drain is sweet
(85:51 / Allies) fineX.: upg th?
(85:55 / Allies) Chopstix: what
(86:01 / Allies) fineX.: upgrade
(86:02 / Allies) fineX.: town hall
(86:05 / Allies) fineX.: for cloud
(86:10 / Allies) Chopstix: get a peasent
(86:11 / Allies) Chopstix: to my base
(86:12 / Allies) Chopstix: man
(86:14 / Allies) Chopstix: if it dies
(86:20 / All) De]s[ertRo]s[e: lol
(86:44 / Allies) Sgt.Malarkey: he's tree hiding there
(87:04 / Allies) fineX.: i am faithful companion hero
(87:21 / Allies) fineX.: if in the event that i do speak, please disregard my advice
(87:25 / Allies) Chopstix: haha
(87:53 / Allies) fineX.: he moved all his prots
(87:54 / Allies) fineX.: lol
(88:03 / Allies) Sgt.Malarkey: yeppers
(88:09 / Allies) Chopstix: should i make mort
(88:10 / Allies) Chopstix: na
(88:22 / All) De]s[ertRo]s[e: yea they know everythign usper soon
(88:39 / All) fineX.: know what super soon
(88:42 / Allies) Sgt.Malarkey: how long has this game been? anyone keeping trap?
(88:49 / All) De]s[ertRo]s[e: how to give head at a young age
(88:49 / Allies) fineX.: you know whats fun
(88:58 / All) fineX.: i've got some great examples
(89:05 / All) fineX.: like you, pink; no; don't be modest!
(89:10 / Allies) fineX.: reading your battle.net saved games
(89:13 / Allies) fineX.: is hilarious
(89:14 / Allies) Sgt.Malarkey: NICE semicolon use
(89:14 / All) Commando: ha
(89:24 / Allies) Sgt.Malarkey: damn, nothing condescends like a semicolon
(89:26 / All) De]s[ertRo]s[e: nice grammar, with the semi colon and everything, that was cute
(89:36 / Allies) fineX.: i know
(89:42 / Allies) fineX.: semicolon is my favorite
(90:34 / Allies) Chopstix: hold fucking post for priest
(90:35 / Allies) Chopstix: he runs
(90:49 / Allies) Chopstix: all mines out
(90:57 / Allies) fineX.: no
(91:03 / Allies) fineX.: we hold the only mine
(91:44 / Allies) fineX.: transmute gives so little exp
(91:51 / Allies) fineX.: im gonna see if anything is uncreeped
(91:52 / Allies) Chopstix: i muted a mort
(91:54 / Allies) Chopstix: no
(91:57 / Allies) Chopstix: creep dont give exp past 5
(92:03 / Allies) fineX.: don't reds?
(92:05 / Allies) Sgt.Malarkey: but it gives you gold, items
(92:07 / Allies) Chopstix: shit
(92:08 / Allies) Sgt.Malarkey: no reds dont
(92:09 / Allies) Chopstix: lets get that
(92:14 / Allies) Chopstix: super item maybe
(92:21 / Allies) Chopstix: oj
(92:31 / Allies) Chopstix: baby golems first
(92:38 / Allies) fineX.: they see
(92:40 / Allies) fineX.: were not there
(92:43 / Allies) Chopstix: teleport staff
(93:13 / Allies) Sgt.Malarkey: out
(93:19 / Allies) fineX.: hes just chillin
(93:20 / Allies) Chopstix: heal and finihs it
(93:22 / Allies) fineX.: jesus
(93:24 / Allies) Chopstix: rofl?
(93:24 / Allies) fineX.: u guys so mean
(93:25 / Allies) Chopstix: ROFL?
(93:29 / Allies) Chopstix: ROFL
(93:32 / Allies) Chopstix: nice
(93:32 / Allies) Sgt.Malarkey: wtf
(93:34 / Allies) fineX.: he's the byob
(93:36 / Allies) fineX.: of rock golems
(94:19 / Allies) fineX.: use spray of heal?
(94:28 / Allies) Chopstix: my bad
(94:56 / Allies) Chopstix: or
(94:57 / Allies) Chopstix: oprange
(94:59 / Allies) Chopstix: build you damn farm
(95:00 / Allies) Chopstix: res hero
(95:01 / Allies) fineX.: spiked collar
(95:49 / Allies) Chopstix: malarkey
(95:50 / Allies) Chopstix: fuck
(95:52 / Allies) Chopstix: build your hero back
(96:00 / Allies) Sgt.Malarkey: gimme 300
(96:01 / Allies) Chopstix: you need a fucking farm genius
(96:10 / Allies) Sgt.Malarkey: tada
(96:41 / Allies) Sgt.Malarkey: red
(99:13 / Allies) Chopstix: need to coordinate
(99:16 / Allies) Chopstix: hero attacks
(100:00 / Allies) Chopstix: 1500 gold
(102:16 / Allies) Sgt.Malarkey: they have more aa?
(102:23 / Allies) Chopstix: not really but thier heros strong
(105:27 / Allies) Chopstix: range stay close
(105:30 / Allies) Chopstix: almost had level 10 farseer dead
(106:21 / Allies) fineX.: cockaaa after y/n
(106:22 / Allies) Chopstix: get farseer first
(106:24 / Allies) Chopstix: n
(106:30 / Allies) Chopstix: gyro exp
(107:27 / Allies) Chopstix: RUN
(108:15 / Allies) fineX.: wish i had a farm :<
(108:49 / Allies) Chopstix: SILENCE
(108:50 / Allies) Chopstix: FFS
(108:51 / Allies) fineX.: i sileneced
(109:01 / Allies) fineX.: he has something
(109:04 / Allies) fineX.: that makes it last shorter
(109:08 / Allies) Sgt.Malarkey: care purp
(109:28 / Allies) fineX.: tavern revive?
(109:31 / Allies) Chopstix: how much gold you guys got
(109:34 / Allies) fineX.: 277
(109:42 / Allies) Sgt.Malarkey: 349
(109:54 / Allies) Sgt.Malarkey: lets get some creeps for extra gold?
(110:40 / Allies) Chopstix: b
(110:40 / Allies) Chopstix: b
(110:40 / Allies) Chopstix: b
(111:16 / Allies) Sgt.Malarkey: priest dead?
(111:17 / Allies) Chopstix: 70 gold now
(111:26 / Allies) Chopstix: think so, i can heal with peeing
(111:30 / Allies) fineX.: you can trasnmute
(111:50 / Allies) fineX.: man 
(111:57 / Allies) fineX.: how did blizz think that was not weird in any way
(112:08 / Allies) fineX.: or maybe they thought it was weird
(112:13 / Allies) fineX.: and made it that way on purpose
(112:22 / Allies) fineX.: !!
(112:26 / Allies) Sgt.Malarkey: creep for gold?
(112:41 / Allies) fineX.: 'mutin
(112:56 / Allies) fineX.: i sileneced
(112:58 / Allies) fineX.: it came off right after
(113:01 / Allies) Chopstix: its the static orb
(113:16 / Allies) fineX.: purge effect
(113:16 / Allies) fineX.: ofc
(113:41 / Allies) Chopstix: b
(113:42 / Allies) Chopstix: healing
(113:59 / Allies) Sgt.Malarkey: build nother hall?
(113:59 / Allies) fineX.: super regen aura
(114:05 / Allies) Chopstix: gold low
(114:09 / Allies) Chopstix: do i have to build a hall
(114:13 / Allies) Chopstix: we can still play on right
(114:16 / Allies) fineX.: yeah
(114:31 / Allies) Chopstix: only thing is scroll of tp
(114:34 / Allies) Chopstix: should i build a town hall
(114:38 / Allies) fineX.: hm
(114:38 / Allies) Chopstix: buy a pot of invuln
(114:41 / Allies) fineX.: i dont have a scroll
(114:46 / Allies) fineX.: pot of invuln + tp staff is ok
(115:01 / All) fineX.: whats in your ashole?
(115:05 / All) fineX.: my large penis?
(115:12 / All) fineX.: hurrrr
(115:18 / Allies) Sgt.Malarkey: hurr indeed
(117:17 / Allies) Chopstix: b all
(118:17 / Allies) Chopstix: we can win with tmute
(118:22 / Allies) Sgt.Malarkey: yes we can
(118:26 / Allies) fineX.: cept those
(118:28 / Allies) fineX.: damn heroes!
(119:03 / All) Chopstix: clan towa shall have its revenge
(119:08 / All) fineX.: oui
(119:10 / Allies) Sgt.Malarkey: heal a lil plz?
(119:16 / All) De]s[ertRo]s[e: clan gay ass strats
(119:17 / Allies) fineX.: i dont need heals
(119:19 / Allies) fineX.: life drain
(119:20 / Allies) fineX.: ftw
(119:24 / Allies) Sgt.Malarkey: thanks
(119:27 / All) fineX.: that doesnt fit
(119:28 / All) FLOPPY_FORESKIN: do u guys seriously play like this every game
(119:32 / Allies) Chopstix: we dont need charm do we
(119:35 / Allies) Chopstix: dont get charm
(119:38 / Allies) fineX.: not really
(119:40 / Allies) fineX.: y
(119:46 / Allies) fineX.: 2 more damage from dark arrow aint gonna help
(119:53 / Allies) fineX.: and charm just speeds it up for us ie. mortars
(120:40 / Allies) Chopstix: rebuy pot of invuln
(120:42 / Allies) fineX.: gold?
(121:13 / Allies) Chopstix: stay here
(121:16 / Allies) Chopstix: dont deviate
(121:19 / Allies) Chopstix: need to protect buildings
(121:30 / Allies) Chopstix: always go
(121:32 / Allies) Chopstix: farseer first
(121:33 / Allies) fineX.: build a farm or something
(121:41 / Allies) fineX.: as backup
(121:52 / Allies) Chopstix: ok
(121:55 / Allies) Chopstix: when we get full mana
(122:00 / Allies) Chopstix: lets hit middle fountaing
(122:03 / Allies) fineX.: kk
(122:04 / Allies) Chopstix: then get the warden
(122:11 / Allies) Sgt.Malarkey: fs first?
(122:14 / Allies) Chopstix: yes
(122:16 / Allies) fineX.: fs, warden is order
(122:17 / Allies) Chopstix: warden will blink away
(122:19 / Allies) Chopstix: warden
(122:22 / Allies) Chopstix: silence warden
(122:23 / Allies) fineX.: if possible
(122:25 / Allies) fineX.: k
(122:28 / Allies) Chopstix: mana good here
(122:28 / Allies) Chopstix: ready?
(122:33 / Allies) fineX.: yeah
(122:44 / Allies) Chopstix: save silcen for waren
(123:22 / Allies) fineX.: ah
(123:24 / Allies) fineX.: charmed it
(123:25 / Allies) fineX.: as you muted
(123:26 / Allies) fineX.: lol
(123:28 / Allies) Sgt.Malarkey: awww
(123:34 / Allies) Chopstix: need to check if alter is up
(123:35 / Allies) fineX.: w/e we win
(123:39 / Allies) fineX.: build farm
(123:41 / Allies) fineX.: just in case
(123:41 / Allies) Chopstix: no
(123:43 / Allies) Chopstix: golems near it
(123:43 / Allies) fineX.: stealth morts
(124:00 / Allies) Chopstix: need to buy pot invuln
(124:11 / All) fineX.: yall just hatin cause we're black :<
(124:16 / Allies) Chopstix: if he attacks our base
(124:17 / Allies) Chopstix: teleport
(124:17 / Allies) Chopstix: asap
(124:30 / Allies) Chopstix: red alter first
(124:45 / Allies) Chopstix: no res
(124:54 / Allies) fineX.: another peon!
(124:59 / Allies) Sgt.Malarkey: tree hidin
(125:12 / Allies) Chopstix: dont owrry about the tree
(125:14 / Allies) fineX.: ill check it
(125:15 / Allies) Chopstix: just kill da base
(125:16 / Allies) fineX.: k
(125:20 / Allies) Chopstix: ok
(125:21 / Allies) Chopstix: wait
(125:23 / Allies) Chopstix: mage
(125:24 / Allies) Chopstix: go take out base
(125:26 / Allies) Chopstix: ill guard our base
(125:32 / Allies) Sgt.Malarkey: just sayin, dont make it a baserace
(125:35 / Allies) Chopstix: he'll want to beat us in estroying thier bases
(125:36 / Allies) fineX.: woop
(125:51 / Allies) Chopstix: stop
(125:53 / Allies) Chopstix: get back to base
(125:55 / Allies) Chopstix: stay at base
(125:57 / Allies) Chopstix: when you have staff
(126:00 / Allies) Chopstix: cooldown
(126:01 / Allies) Chopstix: GET BACK TO BASE
(126:22 / Allies) Chopstix: until staff coodlown
(126:25 / Allies) Chopstix: stay at base
(126:31 / Allies) fineX.: mines cd
(126:35 / Allies) Chopstix: buy
(126:37 / Allies) Chopstix: pot of invuln
(126:41 / Allies) Sgt.Malarkey: no $
(126:45 / Allies) Sgt.Malarkey: gave all to you
(127:21 / Allies) Chopstix: buy pot of invuln now
(127:28 / Allies) Chopstix: you have mass teleport
(127:30 / Allies) Chopstix: down wait for cooldown
(127:57 / Allies) Chopstix: malarkey
(127:59 / Allies) Chopstix: go hit base
(128:00 / Allies) fineX.: this is like a high perch
(128:00 / Allies) Chopstix: you can
(128:07 / Allies) Chopstix: you have teleport
(128:10 / Allies) Chopstix: dont need staff really
(128:15 / Allies) Chopstix: always teleport asap
(128:17 / Allies) fineX.: wish i still had bm
(128:17 / Allies) Chopstix: then ill heal
(128:18 / Allies) Chopstix: just keep heros
(128:19 / Allies) fineX.: he could wreck shit
(128:23 / Allies) Chopstix: derh
(128:28 / Allies) Chopstix: ahh you had to do was get a peon out
(128:36 / Allies) fineX.: ill go charm some creepz
(128:41 / All) FLOPPY_FORESKIN: y do u blizz one building
(128:52 / Allies) Sgt.Malarkey: >dps
(129:04 / Allies) Sgt.Malarkey: + im still at full mana
(129:07 / Allies) fineX.: we need a stun :<
(129:14 / Allies) fineX.: he cant hear you
(129:28 / Allies) Sgt.Malarkey: eh?
(129:38 / Allies) Chopstix: not owrth risk
(129:39 / Allies) Chopstix: get out
(129:43 / Allies) Chopstix: charm those
(130:05 / Allies) fineX.: welcome to your new life
(130:07 / Allies) fineX.: gnolly man